 Dungeon Sprint DCSS version 0.29.1-12-g30fa7ad0bf (webtiles) character file.

Game seed: 17370712006469422363

37 boopmooplesden the Trooper (level 3, 0/55 HPs)
             Began as a Minotaur Berserker on Dec 12, 2022.
             Was a Believer of Trog.
             Slain by a scorpion (2 damage)
             ... in the Dungeon (Sprint IX: "|||||||||||||||||||||||||||||").
             The game lasted 00:00:09 (118 turns).

boopmooplesden the Trooper (Minotaur Berserker)      Turns: 118, Time: 00:00:09

Health: 0/55       AC: -1    Str: 23    XL:     3   Next: 21%
Magic:  2/2        EV: 12    Int:  4    God:    Trog [**....]
Gold:   0          SH:  0    Dex:  9    Spells: 2/2 levels left

rFire   . . .      SeeInvis .   a - +0 falchion
rCold   . . .      Faith    .   (no shield)
rNeg    . . .      Spirit   .   b - +0 animal skin
rPois   .          Reflect  .   (helmet restricted)
rElec   .          Harm     .   (no cloak)
rCorr   .          Rampage  .   (no gloves)
Will    .....      NoTele   +   (no boots)
Stlth   ..........              (no amulet)
HPRegen 0.18/turn               (no ring)
MPRegen 0.08/turn               (no ring)

@: berserking, corroded, very quick
A: horns 2, retaliatory headbutt
a: Renounce Religion, Berserk, Trog's Hand


You were in the Dungeon.
You worshipped Trog.
Trog was pleased with you.
You visited 1 branch

Inventory:

Hand Weapons
 a - a +0 falchion (weapon)
Armour
 b - a +0 animal skin (worn)
Scrolls
 h - a scroll of blinking
Potions
 c - a potion of curing
 d - a potion of heal wounds
 e - a potion of haste
 f - 2 potions of magic
 g - a potion of berserk rage


   Skills:
 + Level 6.0 Fighting
 + Level 6.0 Long Blades
 + Level 3.2 Armour
 + Level 3.2 Dodging


You had 2 spell levels left.
You didn't know any spells.
Your spell library was empty.

Dungeon Overview and Level Annotations

Branches:
Dungeon (1/1)

Altars:


Innate Abilities, Weirdness & Mutations

You have a pair of horns on your head.
You reflexively headbutt those who attack you in melee.


Message History

The jelly is almost dead.
The jelly hits you.
You are splashed with acid!
You hit the jelly.
You kill the jelly!
Trog accepts your kill.
Your Fighting skill gained 2 levels and is now at level 6!
Your Long Blades skill gained 2 levels and is now at level 6!
Your Armour skill increases to level 3!
Your Dodging skill increases to level 3!
You have reached level 2!
You have reached level 3!
Your experience leads to an increase in your attributes!
Increase (S)trength, (I)ntelligence, or (D)exterity?
You feel stronger. x2
Unknown command.
You closely miss the scorpion. You barely miss the scorpion.
Your headbutt misses the scorpion.
You punch the scorpion, but do no damage.
The scorpion stings you.
You hit the scorpion.
The scorpion is moderately wounded.
The scorpion stings you.
* * * LOW HITPOINT WARNING * * *
You hit the scorpion. Your headbutt misses the scorpion.
The scorpion is moderately wounded.
The scorpion stings you!
* * * LOW HITPOINT WARNING * * *
You hit the scorpion but do no damage.
The scorpion is moderately wounded.
You closely miss the scorpion.
The scorpion is moderately wounded.
The scorpion closely misses you.
You barely miss the scorpion.
The scorpion is moderately wounded.
The scorpion stings you.
* * * LOW HITPOINT WARNING * * *
You hit the scorpion but do no damage. You punch the scorpion!
The scorpion is severely wounded.
The scorpion stings you.
You die... ▓▓▓▓▓▓▓▓▓▓▓▓▓▓▓▓▓▓ +..Sghs@..))'...<▓ ▓▓▓▓▓▓▓▓▓▓▓▓▓▓▓▓▓▓

You could see a gnoll sergeant, a scorpion, a hound and an adder.

Vanquished Creatures
  A jelly (D)
  A dart slug (D)
  A ball python (D)
  A goblin (D)
  A kobold (D)
  A rat (D)
6 creatures vanquished.

Notes
Turn   | Place    | Note
-------+----------+-------------------------------------------
     0 | D        | boopmooplesden the Minotaur Berserker began the quest for
                  | the Orb.
     0 | D        | Reached XP level 1. HP: 19/19 MP: 0/0
    11 | D        | Reached ** piety under Trog
   106 | D        | Noticed a gnoll sergeant
   106 | D        | Noticed a hound
   106 | D        | Noticed a scorpion
   106 | D        | Noticed a jelly
   110 | D        | Killed a jelly
   111 | D        | Reached XP level 2. HP: 17/30 MP: 1/1
   111 | D        | Reached XP level 3. HP: 20/37 MP: 2/2
   117 | D        | HP: 2/55 [scorpion (3)]
   118 | D        | Slain by a scorpion

Illustrated notes

Levels and vault maps discovered:
D:        linesprint [early_d, line_temple, items_1, d_10, items_2, lair_1,
          lair_end, items_3, orc_1, orc_end, items_4, d_15, swamp_1, shoals_1,
          snake_1, spider_1, d_20, vaults_1, items_5, swamp_end, shoals_end,
          snake_end, spider_end, vaults_end, d_27, items_6, zot_1, zot_end,
          crypt_end, forest_end, elf_end, slime_end, tomb_end, abyss_end,
          pan_hell_end]

Skill      XL: |  1 |
---------------+----+-----
Fighting       | 6 |  6.0
Long Blades    | 6 |  6.0
Armour         | 3 |  3.2
Dodging        | 3 |  3.2

Action                   || total
-------------------------++-------
Melee: Falchion          ||    23
       Headbutt          ||     3
       Punch             ||     2
Invok: Berserk           ||     1
Armor: Animal skin       ||     1
Dodge: Dodged            ||     6
